[Event "Team 45 45 League T73"]
[Site "Internet Chess Club"]
[Date "2017.06.26"]
[Round "2"]
[White "laurenpar"]
[Black "ANGELLR"]
[Result "1-0"]
[WhiteElo "1936"]
[BlackElo "1823"]
[Opening "English: four knights, 4.e3"]
[ECO "A28"]
[Time "20:32:36"]
[TimeControl "2700+45"]

1. c4 e5 2. Nc3 Nf6 3. Nf3 Nc6 4. e3 d5 5. cxd5 Nxd5 6. Bb5 Nxc3 7. bxc3 Bd7 8.
d4 a6 9. Bd3 Bd6 10. O-O O-O 11. Nd2 exd4 12. cxd4 Qh4 13. g3 Qh3 14. Ne4 Be7
15. Bd2 Bg4 16. f3 Be6 17. a3 f5 18. Nf2 Qh5 19. f4 Qh6 20. Be2 Bd5 21. Nd3 Bd6
22. Ne5 Ne7 23. Bb4 Rac8 24. Bc4 Qe6 25. Qb3 Rfe8 26. Bxd5 Qxd5 27. Qb2 c5 28.
Bxc5 Bxc5 29. dxc5 Rxc5 30. Rad1 Qe6 31. Qxb7 Nd5 32. Rfe1 Rb5 33. Qa7 Rc8 34.
Qd7 Qxd7 35. Nxd7 Rc3 36. e4 fxe4 37. Rxe4 h6 38. a4 Ra5 39. Re5 Ne3 40. Nf6+
Kf7 41. Rd7+ Kxf6 42. Rxa5 Rc1+ 43. Kf2 Ng4+ 44. Ke2 Rc2+ 45. Rd2 Rc3 46. h3 Nh2
47. Kf2 Nf3 48. Rd6+ Ke7 49. Raxa6 Ra3 50. a5 h5 51. Re6+ Kf7 52. Re3 {Black
resigns} 1-0

[Event "Team 45 45 League T73"]
[Site "Internet Chess Club"]
[Date "2017.06.23"]
[Round "2"]
[White "Bryant-L"]
[Black "cadmiumorange"]
[Result "0-1"]
[WhiteElo "1678"]
[BlackElo "1837"]
[Opening "Robatsch (modern) defense"]
[ECO "B06"]
[Time "09:00:38"]
[TimeControl "2700+45"]

1. e4 g6 2. h4 h5 3. d4 d6 4. Nf3 Bg7 5. Be3 Bg4 6. Be2 Nd7 7. c3 c6 8. Nbd2 a6
9. Ng5 Bxe2 10. Qxe2 Ngf6 11. f4 Ng4 12. f5 gxf5 13. O-O Ndf6 14. Rxf5 O-O 15.
Raf1 Qb6 16. e5 dxe5 17. Nc4 Qc7 18. dxe5 b5 19. Bf4 Qa7+ 20. Ne3 Nd5 21. Rf3 e6
22. Rxf7 Rxf7 23. Nxf7 Nxf4 24. Rxf4 Qxe3+ 25. Qxe3 Nxe3 26. Rf3 Ng4 27. Ng5 Re8
28. Rf7 Bxe5 29. Ra7 Rf8 30. Nf3 Rd8 31. Kf1 Nh2+ 32. Nxh2 Bxh2 33. Rxa6 Rd6 34.
b3 Bg3 35. a4 Rd2 36. Rxc6 bxa4 37. bxa4 Rf2+ 38. Kg1 Ra2 39. Kf1 Kf7 40. Rc4
Rf2+ 41. Kg1 e5 42. a5 Re2 43. Rc7+ Kf6 44. Rc6+ Kf5 {White resigns} 0-1

[Event "Team 45 45 League T73"]
[Site "Internet Chess Club"]
[Date "2017.06.25"]
[Round "2"]
[White "ChessRooklift"]
[Black "justice02"]
[Result "0-1"]
[WhiteElo "1728"]
[BlackElo "1653"]
[Opening "Queen's bishop game"]
[ECO "D02"]
[Time "12:06:10"]
[TimeControl "2700+45"]

1. d4 d5 2. Nf3 Nf6 3. Bf4 Nbd7 4. e3 c6 5. c3 g6 6. Nbd2 Bg7 7. Bd3 O-O 8. O-O
a6 9. a4 Re8 10. Ne5 Nxe5 11. Bxe5 Nh5 12. Bxg7 Nxg7 13. e4 e5 14. exd5 cxd5 15.
dxe5 Rxe5 16. Re1 Rh5 17. Be2 Rh6 18. Nf3 Qd6 19. Qd2 Rh5 20. g3 Bg4 21. Nd4
Bxe2 22. Rxe2 Re8 23. Rxe8+ Nxe8 24. Re1 Re5 25. Rxe5 Qxe5 26. Qe2 f6 27. f4
Qxe2 28. Nxe2 Nd6 29. Nc1 Kf7 30. Kf2 Ke6 31. Nd3 Ne4+ 32. Ke3 Kd6 33. a5 Nc5
34. Nb4 Nb3 35. g4 Nxa5 36. Nd3 Nc6 37. b4 b6 38. h4 h6 39. g5 fxg5 40. fxg5
hxg5 41. hxg5 Ne5 42. Nf4 a5 43. bxa5 bxa5 44. Kd4 Nf3+ 45. Kd3 Nxg5 46. c4 Ne6
47. Nxg6 d4 48. Nh4 Kc5 49. Nf3 a4 50. Ne1 a3 51. Nc2 a2 52. Na1 Nf4+ 53. Ke4 d3
54. Ke3 Kxc4 55. Kd2 Nd5 56. Kc1 Kc3 {White resigns} 0-1

[Event "Team 45 45 League T73"]
[Site "Internet Chess Club"]
[Date "2017.06.22"]
[Round "2"]
[White "QuieroAprender"]
[Black "cityprosecutor"]
[Result "1-0"]
[WhiteElo "1639"]
[BlackElo "1692"]
[Opening "Pirc: classical system, 5.Be2"]
[ECO "B08"]
[Time "21:47:09"]
[TimeControl "2700+45"]

1. e4 d6 2. Nf3 Nf6 3. Nc3 g6 4. d4 Bg7 5. Be2 O-O 6. h3 c6 7. e5 dxe5 8. dxe5
Nd5 9. Nxd5 cxd5 10. O-O Nc6 11. Bf4 Bf5 12. Bd3 Bxd3 13. Qxd3 a6 14. Rad1 e6
15. Rfe1 Qb6 16. Qb3 Qxb3 17. axb3 b5 18. Nd4 Rac8 19. Nxc6 Rxc6 20. c3 Rfc8 21.
g4 Bf8 22. b4 Be7 23. Be3 Kg7 24. g5 Rc4 25. f4 Ra8 26. Ra1 Bd8 27. Kf2 Kg8 28.
Ra2 h6 29. h4 Kh7 30. Rea1 Rc6 31. Kf3 h5 32. Bc5 Kg8 33. Ke3 Bb6 34. Kd4 Bxc5+
35. bxc5 Kf8 36. b4 Ke8 37. Ra5 Kd7 38. Rxb5 axb5 39. Rxa8 Rc7 40. Rf8 Kc6 41.
Ra8 Ra7 42. Rb8 Ra6 43. Rf8 Ra7 44. Rc8+ Rc7 45. Ra8 Ra7 46. Rxa7 f5 47. Ra6+
{Black resigns} 1-0

[Event "Team 45 45 League T73"]
[Site "Internet Chess Club"]
[Date "2017.06.27"]
[Round "2"]
[White "fledermaus"]
[Black "JasonModer"]
[Result "0-1"]
[WhiteElo "1851"]
[BlackElo "2016"]
[Opening "Queen's pawn game, Krause variation"]
[ECO "D02"]
[Time "18:00:22"]
[TimeControl "2700+45"]

1. Nf3 d5 2. d4 c5 3. c4 dxc4 4. e3 cxd4 5. Qxd4 Qxd4 6. Nxd4 Bd7 7. Bxc4 e6 8.
Nb5 Na6 9. b3 Nf6 10. Ke2 Bc5 11. Ba3 Ke7 12. Bxc5+ Nxc5 13. Nd4 a6 14. Rc1 Rac8
15. a4 e5 16. Nf3 Nxb3 17. Nbd2 Nxc1+ 18. Rxc1 b5 {White resigns} 0-1

[Event "Team 45 45 League T73"]
[Site "Internet Chess Club"]
[Date "2017.06.25"]
[Round "2"]
[White "anna"]
[Black "jonesey"]
[Result "0-1"]
[WhiteElo "1817"]
[BlackElo "1920"]
[Opening "Two knights defense (Modern bishop's opening)"]
[ECO "C55"]
[Time "14:42:01"]
[TimeControl "2700+45"]

1. e4 e5 2. Nf3 Nc6 3. Bc4 Nf6 4. d3 Be7 5. c3 O-O 6. Nbd2 a6 7. a4 b6 8. Nf1 d5
9. exd5 Nxd5 10. Ng3 Qd7 11. O-O Bb7 12. d4 exd4 13. Nxd4 Rad8 14. Nxc6 Qxc6 15.
Bxd5 Rxd5 16. Qf3 Rfd8 17. Be3 Ba8 18. Ne2 Qc4 19. Ng3 Re5 20. Qf4 Qc6 21. Qf3
Qxf3 22. gxf3 Bxf3 23. Bf4 Rc5 24. Rfe1 Kf8 25. Re3 Rd1+ 26. Rxd1 Bxd1 27. a5
bxa5 28. Rd3 Bg4 29. f3 Be6 30. Ne4 Rc4 31. Bg3 c6 32. b3 Rxe4 33. fxe4 Bxb3 34.
Bd6 a4 35. Bb4 c5 36. Ba3 Ke8 37. Bb2 c4 38. Rd5 a3 39. Ba1 Bd8 40. Kf2 a5 41.
Kf3 a4 42. h3 h6 43. Ke2 Bg5 44. Rf5 Bc1 45. Rf1 Bb2 46. Kd2 Ke7 47. Rb1 Bxa1
48. Rxa1 a2 49. Ke3 Ke6 50. Kf4 g5+ 51. Kg4 Ke5 52. Kf3 h5 53. Ke3 g4 54. hxg4
hxg4 {White resigns} 0-1

[Event "Team 45 45 League T73"]
[Site "Internet Chess Club"]
[Date "2017.06.25"]
[Round "2"]
[White "viktory"]
[Black "LookImYourVader"]
[Result "1/2-1/2"]
[WhiteElo "1682"]
[BlackElo "1725"]
[Opening "Queen's gambit accepted"]
[ECO "D20"]
[Time "17:00:49"]
[TimeControl "2700+45"]

1. d4 d5 2. c4 dxc4 3. e3 e5 4. Bxc4 exd4 5. exd4 Bd6 6. Nf3 Nf6 7. O-O O-O 8.
Nc3 Nc6 9. Bg5 h6 10. Bh4 Bg4 11. Be2 Bxf3 12. Bxf3 Nxd4 13. Bxb7 Rb8 14. Bd5
Nf5 15. Bxf6 Qxf6 16. Bb3 Rfe8 17. Re1 Rxe1+ 18. Qxe1 Nd4 19. Ne4 Qe5 20. Nxd6
cxd6 21. Qxe5 dxe5 22. g3 Kf8 23. Kg2 f6 24. h4 Ke7 25. h5 Kd6 26. g4 a5 27. Kg3
Rb4 28. f3 a4 29. Bd1 Rxb2 30. Bxa4 Ne2+ 31. Kh4 Nf4 32. Bb3 Rh2+ 33. Kg3 Rg2+
34. Kh4 Rh2+ 35. Kg3 {Game drawn by mutual agreement} 1/2-1/2

[Event "Team 45 45 League T73"]
[Site "Internet Chess Club"]
[Date "2017.06.26"]
[Round "2"]
[White "Monterrey"]
[Black "JJ12"]
[Result "0-1"]
[WhiteElo "1977"]
[BlackElo "2121"]
[Opening "Benkö gambit"]
[ECO "A57"]
[Time "19:01:01"]
[TimeControl "2700+45"]

1. d4 Nf6 2. c4 c5 3. d5 b5 4. Qc2 b4 5. e4 d6 6. f4 g6 7. Bd3 Bg7 8. Nf3 O-O 9.
O-O Bg4 10. Nbd2 Nh5 11. h3 Bd7 12. Nb1 e6 13. Be3 Na6 14. Nbd2 Bh6 15. Ng5 e5
16. g4 exf4 {White resigns} 0-1

[Event "Team 45 45 League T73"]
[Site "Internet Chess Club"]
[Date "2017.06.25"]
[Round "2"]
[White "Grann"]
[Black "Holgate"]
[Result "1/2-1/2"]
[WhiteElo "1811"]
[BlackElo "1986"]
[Opening "Sicilian: Scheveningen (Paulsen), classical variation"]
[ECO "B84"]
[Time "13:00:58"]
[TimeControl "2700+45"]

1. e4 c5 2. Nf3 d6 3. d4 cxd4 4. Nxd4 Nf6 5. Nc3 a6 6. Be2 e6 7. O-O Be7 8. Be3
O-O 9. Qd2 Nc6 10. f4 Qc7 11. Nb3 b5 12. Bf3 Bb7 13. Rad1 Rac8 14. Qf2 Nd7 15.
a3 Na5 16. Nxa5 Qxa5 17. h3 b4 18. axb4 Qxb4 19. Rb1 Rc7 20. Bd4 Rfc8 21. Rfd1
Bf6 22. Bxf6 Nxf6 23. Qd4 Rc4 {Game drawn by mutual agreement} 1/2-1/2

[Event "Team 45 45 League T73"]
[Site "Internet Chess Club"]
[Date "2017.06.22"]
[Round "2"]
[White "ChessRooklift"]
[Black "bobhill"]
[Result "1/2-1/2"]
[WhiteElo "1749"]
[BlackElo "1831"]
[Opening "Queen's bishop game"]
[ECO "D02"]
[Time "21:05:54"]
[TimeControl "2700+45"]

1. d4 d5 2. Nf3 Nf6 3. Bf4 g6 4. h4 Bg7 5. e3 c6 6. c3 Qb6 7. Qb3 Bf5 8. Nbd2
Nbd7 9. Ne5 Nxe5 10. Bxe5 O-O 11. Be2 Nd7 12. Bxg7 Kxg7 13. Qxb6 axb6 14. g4 Be6
15. Rg1 b5 16. f4 Nb6 17. f5 Bd7 18. e4 e6 19. f6+ Kxf6 20. e5+ Kg7 21. g5 Nc4
22. Bxc4 bxc4 23. a3 b6 24. Ke2 c5 25. Ke3 Ba4 26. Rac1 Rfc8 27. Rg2 Be8 28. Nf1
b5 29. dxc5 Rxc5 30. Kd4 Rcc8 31. Ne3 Bc6 32. Ng4 Rf8 33. Rf1 Ra7 34. Rgf2 Be8
35. Nf6 Rc7 36. Rh2 Bc6 37. h5 b4 38. axb4 Ra8 39. hxg6 hxg6 40. Rfh1 Rcc8 41.
Rh7+ Kf8 42. Rh8+ Ke7 43. Rxc8 Rxc8 44. Ra1 Rc7 45. Ng8+ Kd8 46. Nf6 Kc8 47. Ra5
Kb7 48. Ng4 Kb6 49. Ra1 Kb5 50. Nf6 Kb6 51. Ng4 Rc8 52. Rf1 Rc7 53. Nf6 Ba4 54.
Ra1 Bc6 55. Ng4 {Game drawn by repetition} 1/2-1/2

[Event "Team 45 45 League T73"]
[Site "Internet Chess Club"]
[Date "2017.07.01"]
[Round "2"]
[White "Percival"]
[Black "SlimeDog2"]
[Result "1/2-1/2"]
[WhiteElo "2014"]
[BlackElo "2048"]
[Opening "Grünfeld with e3 & Qb3"]
[ECO "D95"]
[Time "03:01:07"]
[TimeControl "2700+45"]

1. d4 Nf6 2. c4 g6 3. Nc3 d5 4. Nf3 Bg7 5. e3 O-O 6. Qb3 dxc4 7. Bxc4 Nc6 8. Ne5
Nxe5 9. dxe5 Nd7 10. e6 fxe6 11. Bxe6+ Kh8 12. Ne4 Ne5 13. Bxc8 Qxc8 14. O-O Qg4
15. Ng3 Rad8 16. h3 Qh4 17. e4 Rd3 18. Qc2 c6 19. Qe2 Rfd8 20. Be3 Nc4 21. Rad1
Rxd1 22. Rxd1 Rxd1+ 23. Qxd1 Be5 24. Bd4 Qf4 25. Bxa7 Kg7 26. b3 Nd6 27. Bd4 Kf6
28. Bxe5+ Qxe5 29. Qe2 h5 30. Qe3 Qa1+ 31. Kh2 e5 32. Qh6 Kf7 33. Nxh5 gxh5 34.
Qxd6 Qxa2 35. Qd7+ Kg6 36. Qf5+ Kh6 37. g4 hxg4 38. hxg4 Qxb3 39. g5+ Kh5 40. f3
Qe3 41. Qg4+ Kg6 42. Qf5+ Kh5 43. Qg4+ Kg6 44. Qf5+ Kh5 45. Qg4+ Kg6 {Game drawn
by repetition} 1/2-1/2

[Event "Team 45 45 League T73"]
[Site "Internet Chess Club"]
[Date "2017.06.26"]
[Round "2"]
[White "CaptK"]
[Black "ChessHouston"]
[Result "0-1"]
[WhiteElo "1798"]
[BlackElo "1666"]
[Opening "KP: Nimzovich defense"]
[ECO "B00"]
[Time "22:14:19"]
[TimeControl "2700+45"]

1. e4 Nc6 2. d4 d5 3. e5 Bf5 4. Nf3 e6 5. Bd3 Nce7 6. O-O f6 7. Re1 Qd7 8. Bxf5
Nxf5 9. Qe2 Kf7 10. g4 Nfh6 11. exf6 gxf6 12. g5 Nf5 13. gxf6 Bd6 14. Ne5+ Bxe5
15. dxe5 h5 16. Nd2 Rf8 17. Nf3 Ke8 18. Ng5 Kd8 19. Bd2 Ngh6 20. Qxh5 Rfg8 21.
Kh1 Nd4 22. f7 Rf8 23. c3 Nhf5 24. Qg6 Rh6 25. Nxe6+ Qxe6 26. Qxe6 Rxe6 27. Bg5+
Kd7 28. cxd4 Nxd4 29. f4 Rxf7 30. Red1 c5 31. Bf6 Rb6 32. b3 Ke6 33. Rac1 Rc6
34. Rd2 Kf5 35. Rf1 Rh7 36. Kg2 Ne6 37. Kg3 d4 38. h4 b5 39. Rc1 c4 40. Rcc2 c3
41. Rd3 Ke4 42. Rd1 d3 43. Re1+ Kf5 {White resigns} 0-1

[Event "Team 45 45 League T73"]
[Site "Internet Chess Club"]
[Date "2017.06.22"]
[Round "2"]
[White "pishd"]
[Black "Ajolote"]
[Result "0-1"]
[WhiteElo "1774"]
[BlackElo "1775"]
[Opening "Queen's pawn game"]
[ECO "D05"]
[Time "12:08:48"]
[TimeControl "2700+45"]

1. d4 d5 2. Nf3 Nf6 3. e3 e6 4. Nbd2 Be7 5. Bd3 O-O 6. O-O b6 7. e4 dxe4 8. Nxe4
Bb7 9. Nxf6+ Bxf6 10. c3 Nd7 11. Bf4 c5 12. Ne5 Nxe5 13. dxe5 Qd5 14. f3 Bxe5
15. Bxe5 Qxe5 16. Re1 Qg5 17. Kh1 Rad8 18. Qc2 h6 19. Re2 Rd6 20. Rd1 Rfd8 21.
Ree1 Kf8 22. Qe2 Qf4 23. Kg1 Ke7 24. c4 Rd4 25. b3 Qd6 26. Bc2 Rd2 27. Rxd2 Qxd2
28. Kf1 Qxe2+ 29. Kxe2 Rd4 30. Ke3 f5 31. g3 Kf6 32. h4 h5 33. f4 Be4 34. Re2
Bxc2 35. Rxc2 e5 36. fxe5+ Kxe5 37. Rf2 g6 38. Rf4 Re4+ 39. Kf3 Re1 40. Kf2 Rc1
41. a4 Rc2+ 42. Kg1 Rc3 43. Kh2 Rxb3 44. Rf1 Rb4 {White resigns} 0-1

[Event "Team 45 45 League T73"]
[Site "Internet Chess Club"]
[Date "2017.06.21"]
[Round "2"]
[White "fireball"]
[Black "GrandUnified"]
[Result "0-1"]
[WhiteElo "1553"]
[BlackElo "1591"]
[Opening "Sicilian: Smith-Morra gambit"]
[ECO "B21"]
[Time "20:04:02"]
[TimeControl "2700+45"]

1. e4 c5 2. d4 cxd4 3. c3 dxc3 4. Nxc3 d6 5. Nf3 Nc6 6. Bc4 e6 7. O-O Nf6 8. Qe2
Be7 9. Rd1 Qa5 10. a3 O-O 11. b4 Qh5 12. h3 Ne5 13. Nxe5 dxe5 14. Qe3 a6 15. Be2
Qg6 16. Qf3 Bd7 17. Bd3 Rac8 18. Bb2 Bc6 19. Re1 Rfd8 20. Rad1 Rd7 21. Bc2 Rcd8
22. Rxd7 Rxd7 23. Nd1 Rd2 24. Bb1 Bxe4 25. Bxe4 Nxe4 26. Bxe5 f5 27. Qe3 Rd7 28.
f3 Bg5 29. f4 Bh4 30. Rf1 Nd2 31. Qe2 Nxf1 32. Qxf1 Qg3 33. Bc3 Bd8 34. Qe2 Kf7
35. Be5 Qd3 36. Qxd3 Rxd3 37. Nb2 Bb6+ 38. Kh2 Rd7 39. Nc4 Bd4 40. Kg3 b5 41.
Bxd4 Rxd4 42. Ne5+ Kf6 43. Kf3 Rd5 44. g4 Rxe5 45. g5+ Kg6 46. fxe5 Kxg5 47. Kg3
f4+ 48. Kf3 Kf5 49. h4 Kxe5 50. h5 Kf5 {White resigns} 0-1

[Event "Team 45 45 League T73"]
[Site "Internet Chess Club"]
[Date "2017.06.25"]
[Round "2"]
[White "servantofyhwh28"]
[Black "Skeptic1972"]
[Result "1/2-1/2"]
[WhiteElo "1568"]
[BlackElo "1451"]
[Opening "Giuoco Piano"]
[ECO "C54"]
[Time "08:53:48"]
[TimeControl "2700+45"]

1. e4 e5 2. Nf3 Nc6 3. Bc4 Bc5 4. c3 Nf6 5. d3 d6 6. h3 h6 7. O-O O-O 8. Bb3 a6
9. Be3 Ba7 10. Nbd2 Re8 11. Re1 Be6 12. Bc2 d5 13. Bxa7 Rxa7 14. exd5 Bxd5 15.
Nc4 Nd7 16. Ne3 Bxf3 17. Qxf3 Qf6 18. Qe4 Nc5 19. Qc4 b6 20. b4 Nd7 21. a4 Ne7
22. Ng4 Qc6 23. Nxe5 Nxe5 24. Rxe5 Qxc4 25. dxc4 Raa8 26. Rae1 Kf8 27. Be4 Rad8
28. Bd5 Nxd5 29. Rxe8+ Rxe8 30. Rxe8+ Kxe8 31. cxd5 b5 32. axb5 axb5 33. Kf1 Kd7
34. Ke2 Kd6 35. Kd3 Kxd5 36. f3 g6 37. g3 f6 38. f4 f5 39. g4 fxg4 40. hxg4 c6
41. Ke3 Ke6 {Game drawn by mutual agreement} 1/2-1/2

[Event "Team 45 45 League T73"]
[Site "Internet Chess Club"]
[Date "2017.06.24"]
[Round "2"]
[White "nidusin2"]
[Black "Demachaeron"]
[Result "0-1"]
[WhiteElo "1509"]
[BlackElo "1612"]
[Opening "QGD semi-Slav: 5.e3"]
[ECO "D45"]
[Time "23:02:36"]
[TimeControl "2700+45"]

1. d4 d5 2. Nf3 c6 3. c4 e6 4. Nc3 Nf6 5. e3 Be7 6. Bd3 dxc4 7. Bxc4 b5 8. Bd3
a6 9. O-O Bb7 10. Qc2 Nbd7 11. e4 c5 12. dxc5 Nxc5 13. Rd1 Qc7 14. h3 O-O 15.
Be3 Nxd3 16. Qxd3 Rad8 17. Qe2 Nxe4 18. Nxe4 Bxe4 19. Rac1 Qb7 20. Ne1 h6 21.
Bf4 Rxd1 22. Qxd1 Rd8 23. Qg4 Kh7 24. Rc7 Qd5 25. Rxe7 Qd1 26. Qxd1 Rxd1 27. f3
Bd5 28. Kf2 Bxa2 29. Rxf7 e5 30. Bxe5 Bxf7 31. b4 Bc4 32. g4 Rd2+ 33. Kg3 Re2
{White resigns} 0-1

[Event "Team 45 45 League T73"]
[Site "Internet Chess Club"]
[Date "2017.06.25"]
[Round "2"]
[White "zepled37"]
[Black "primerpaso"]
[Result "1/2-1/2"]
[WhiteElo "1703"]
[BlackElo "1827"]
[Opening "Sicilian: Canal-Sokolsky (Nimzovich-Rossolimo, Moscow) attack"]
[ECO "B51"]
[Time "17:03:56"]
[TimeControl "2700+45"]

1. e4 c5 2. Nf3 d6 3. Bb5+ Nc6 4. O-O Bd7 5. Re1 e6 6. c3 Be7 7. d4 cxd4 8. cxd4
Nf6 9. Nc3 O-O 10. h3 Rc8 11. Be3 Na5 12. Qe2 Bxb5 13. Qxb5 a6 14. Qe2 Nc4 15.
Bg5 Re8 16. Rac1 h6 17. Bh4 b5 18. e5 Nd5 19. Bxe7 Qxe7 20. Nxd5 exd5 21. b3 Nb6
22. Qd2 Rxc1 23. Rxc1 dxe5 24. Nxe5 Qb7 25. Qf4 Re6 26. Nd3 Rc6 27. Rxc6 Qxc6
28. Ne5 Qc7 29. Qd2 Nd7 30. Nxd7 Qxd7 {Game drawn by mutual agreement} 1/2-1/2

[Event "Team 45 45 League T73"]
[Site "Internet Chess Club"]
[Date "2017.06.21"]
[Round "2"]
[White "VictorRed"]
[Black "justice02"]
[Result "1-0"]
[WhiteElo "1685"]
[BlackElo "1632"]
[Opening "Queen's pawn game"]
[ECO "D02"]
[Time "22:01:16"]
[TimeControl "2700+45"]

1. d4 d5 2. Nf3 c6 3. g3 a6 4. Bg2 Nf6 5. Nc3 Nbd7 6. O-O g6 7. Ne5 Bg7 8. f4
O-O 9. e4 dxe4 10. Nxe4 Qb6 11. Kh1 Nxe5 12. fxe5 Ng4 13. c3 Nh6 14. Nc5 Nf5 15.
g4 Nh4 16. Be4 h6 17. h3 Rd8 18. Qc2 g5 19. Be3 Qc7 20. Bf2 e6 21. Bxh4 gxh4 22.
Qf2 Qe7 23. Nd3 Rf8 24. Nf4 Qg5 25. Rad1 Bd7 26. Ng2 f5 27. gxf5 exf5 28. Bc2
Be6 29. Nxh4 Bxa2 30. Rg1 Qh5 31. b3 Qf7 32. Nxf5 Kh8 33. Qd2 Bxb3 34. Rxg7 Bd5+
35. Kh2 Qxg7 36. Nxg7 Kxg7 37. Rg1+ Kf7 38. Qxh6 Ke7 39. Qd6+ Ke8 40. Bg6+ Bf7
41. e6 Bxg6 42. Qd7# {Black checkmated} 1-0

[Event "Team 45 45 League T73"]
[Site "Internet Chess Club"]
[Date "2017.06.25"]
[Round "2"]
[White "Grenadier"]
[Black "armand068new"]
[Result "0-1"]
[WhiteElo "1596"]
[BlackElo "1581"]
[Opening "Ruy Lopez: Berlin defense"]
[ECO "C65"]
[Time "11:01:25"]
[TimeControl "2700+45"]

1. e4 e5 2. Nf3 Nc6 3. Bb5 Nf6 4. d3 Bc5 5. O-O Ng4 6. Bg5 Be7 7. Bxe7 Qxe7 8.
Nc3 a6 9. Ba4 O-O 10. Nd5 Qd8 11. Qd2 d6 12. Bb3 Be6 13. Qg5 Qxg5 14. Nxg5 Bxd5
15. Bxd5 Nd4 16. c3 Ne2+ 17. Kh1 Nf4 18. Rad1 h6 19. Nf3 g5 20. Bb3 a5 21. a4
Kg7 22. h3 Nf6 23. Nh2 h5 24. f3 g4 25. fxg4 hxg4 26. h4 g3 27. Nf3 Ng4 28. Rd2
f5 29. Ng5 Rh8 30. Nf3 Nxd3 31. Rxd3 fxe4 32. Rdd1 exf3 33. gxf3 Rxh4+ 34. Kg2
Ne3+ 35. Kxg3 Rah8 36. Kf2 Nxd1+ 37. Bxd1 Rh2+ 38. Ke3 Rh1 {White resigns} 0-1

[Event "Team 45 45 League T73"]
[Site "Internet Chess Club"]
[Date "2017.06.25"]
[Round "2"]
[White "Andressa"]
[Black "bmw2002"]
[Result "0-1"]
[WhiteElo "1429"]
[BlackElo "1538"]
[Opening "Caro-Kann defense"]
[ECO "B10"]
[Time "19:07:48"]
[TimeControl "2700+45"]

1. e4 c6 2. Nf3 d5 3. exd5 cxd5 4. Be2 Nf6 5. O-O Nc6 6. d4 Bf5 7. a3 Qc7 8. Nc3
e6 9. g3 a6 10. Na4 Bd6 11. Re1 O-O 12. Nh4 Bh3 13. Ng2 Rfe8 14. Nf4 Bf5 15. Nc3
Rad8 16. Be3 Na5 17. Bd3 Bxd3 18. Qxd3 Nc4 19. Bc1 Ng4 20. b3 Bxf4 21. Bxf4 e5
22. dxe5 Ncxe5 23. Bxe5 Nxe5 24. Qe2 Qxc3 25. Kg2 Qc6 26. f4 d4+ 27. Kf1 Qh1+
28. Kf2 Qxh2+ 29. Kf1 Qxe2+ 30. Rxe2 Ng4 {White resigns} 0-1

[Event "Team 45 45 League T73"]
[Site "Internet Chess Club"]
[Date "2017.06.24"]
[Round "2"]
[White "Egmont"]
[Black "tuotuo123"]
[Result "1/2-1/2"]
[WhiteElo "1688"]
[BlackElo "1439"]
[Opening "Grünfeld: exchange variation"]
[ECO "D85"]
[Time "02:00:20"]
[TimeControl "2700+45"]

1. d4 Nf6 2. c4 g6 3. Nc3 d5 4. cxd5 Nxd5 5. e4 Nxc3 6. bxc3 Bg7 7. Bg5 c5 8.
Nf3 Bg4 9. Rc1 cxd4 10. cxd4 Bxf3 11. gxf3 Bxd4 12. Qa4+ Nc6 13. Bb5 O-O 14.
Bxc6 bxc6 15. O-O Be5 16. Qxc6 Qb8 17. Rb1 Bxh2+ 18. Kg2 Qe5 {Game drawn by
mutual agreement} 1/2-1/2

[Event "Team 45 45 League T73"]
[Site "Internet Chess Club"]
[Date "2017.06.22"]
[Round "2"]
[White "kwen2008"]
[Black "zugknightly"]
[Result "1/2-1/2"]
[WhiteElo "1609"]
[BlackElo "1628"]
[Opening "Sicilian: Pelikan (Lasker/Sveshnikov) variation"]
[ECO "B33"]
[Time "22:09:01"]
[TimeControl "2700+45"]

1. e4 c5 2. Nf3 Nc6 3. d4 cxd4 4. Nxd4 Nf6 5. Nc3 e5 6. Nb3 Bb4 7. Bd3 d5 8. O-O
Bxc3 9. exd5 Nxd5 10. bxc3 Nxc3 11. Qd2 Nd5 12. Bb2 Nf4 13. Rfe1 Nxd3 14. cxd3
f6 15. f4 O-O 16. fxe5 fxe5 17. Bxe5 Nxe5 18. Rxe5 Qb6+ 19. d4 Qd6 20. Rae1 Bd7
21. Qg5 Qf6 22. Qxf6 Rxf6 23. Nc5 Bc6 24. d5 Bb5 25. Nxb7 Raf8 26. h3 Rf1+ 27.
Rxf1 Rxf1+ 28. Kh2 Rd1 29. d6 Bc6 30. Re2 Bxb7 31. Re8+ Kf7 32. Re7+ Kf6 33.
Rxb7 Rxd6 34. Rxa7 h5 35. a4 Rd1 36. a5 Ra1 37. Kg3 g5 38. Kf3 Ra2 39. a6 g4+
40. hxg4 hxg4+ 41. Kg3 Ra4 42. Rh7 Kg6 43. Ra7 Kf6 44. Ra8 Kg7 45. a7 Kh7 46.
Kh4 Kg7 47. g3 Kh7 48. Kh5 Kg7 49. Kg5 Kh7 50. Kf6 Ra1 51. Ke5 Kg7 {Game drawn
by mutual agreement} 1/2-1/2

[Event "Team 45 45 League T73"]
[Site "Internet Chess Club"]
[Date "2017.06.23"]
[Round "2"]
[White "julesraider"]
[Black "skywise"]
[Result "1-0"]
[WhiteElo "1565"]
[BlackElo "1393"]
[Opening "Grünfeld: modern exchange variation"]
[ECO "D85"]
[Time "22:00:33"]
[TimeControl "2700+45"]

1. d4 Nf6 2. c4 g6 3. Nc3 d5 4. cxd5 Nxd5 5. e4 Nxc3 6. bxc3 Bg7 7. Nf3 c5 8.
Rb1 O-O 9. Be2 Nc6 10. d5 Bxc3+ 11. Bd2 Bxd2+ 12. Qxd2 Nb8 13. h4 h5 14. Qh6
Qa5+ 15. Kf1 Qc3 16. e5 Qc2 17. Rc1 Qb2 18. Re1 Qxe5 19. Nxe5 Nd7 20. Nxg6 fxg6
21. Qxg6+ Kh8 22. Qxh5+ Kg7 23. Qg5+ {Black resigns} 1-0

[Event "Team 45 45 League T73"]
[Site "Internet Chess Club"]
[Date "2017.06.23"]
[Round "2"]
[White "dinosaurchess"]
[Black "tightfist"]
[Result "1-0"]
[WhiteElo "1343"]
[BlackElo "1582"]
[Opening "Ruy Lopez: old Steinitz defense"]
[ECO "C62"]
[Time "21:31:01"]
[TimeControl "2700+45"]

1. e4 Nc6 2. Nf3 e5 3. Bb5 d6 4. h3 Bd7 5. Nc3 Nf6 6. d3 h6 7. Be3 Be7 8. Qd2
O-O 9. O-O Kh7 10. Rad1 a6 11. Ba4 b5 12. Bb3 Na5 13. Bd5 c6 14. Bb3 Nxb3 15.
axb3 a5 16. Ra1 Qc7 17. Rfe1 Be6 18. d4 b4 19. Na4 Nxe4 20. Qe2 f5 21. dxe5 dxe5
22. Bb6 Qb7 23. Nxe5 Bf6 24. Nc4 Bxc4 25. bxc4 Bxb2 26. Nxb2 Qxb6 27. Nd3 Rfe8
28. Qf3 g6 29. g4 Nd2 30. Qf4 Rxe1+ 31. Rxe1 Ne4 32. gxf5 Re8 33. fxg6+ Kxg6 34.
Rxe4 Qd8 35. Qg4+ Kh7 36. Qf5+ Kh8 37. Rxe8+ Qxe8 38. Qe5+ Qxe5 39. Nxe5 a4 40.
Nd3 b3 41. cxb3 axb3 42. Kg2 Kg7 43. Kf3 Kf6 44. Kf4 h5 45. h4 c5 46. Ke4 Ke6
47. Kf4 Kf6 48. f3 Kg6 49. Ke5 Kh6 50. Kf6 Kh7 51. f4 Kh6 52. Kf7 Kh7 53. f5 Kh6
54. f6 Kh7 55. Nb2 Kh6 56. Ke7 Kg6 57. f7 Kf5 58. f8=Q+ Ke4 59. Qf2 Ke5 60.
Qxc5+ Ke4 61. Qxh5 {Black resigns} 1-0

[Event "Team 45 45 League T73"]
[Site "Internet Chess Club"]
[Date "2017.06.24"]
[Round "2"]
[White "zap2"]
[Black "Fianchettoed"]
[Result "1-0"]
[WhiteElo "1709"]
[BlackElo "1754"]
[Opening "Réti: King's Indian attack"]
[ECO "A05"]
[Time "05:10:56"]
[TimeControl "2700+45"]

1. Nf3 Nf6 2. g3 g6 3. Bg2 Bg7 4. O-O O-O 5. d3 c5 6. e4 d6 7. Nbd2 Nc6 8. a4
Qc7 9. c3 Bd7 10. Qe2 Rac8 11. Nh4 e6 12. f4 Ne7 13. Nc4 b5 14. axb5 Bxb5 15. e5
dxe5 16. fxe5 Ne8 17. Bf4 Bxc4 18. dxc4 h6 19. Nf3 g5 20. Bxg5 hxg5 21. Nxg5
Qxe5 22. Qh5 Bh6 23. Qxh6 Qg7 24. Qxg7+ Nxg7 25. Rxa7 Nef5 26. Ne4 Rfd8 27. Nf6+
Kf8 28. Nd7+ Kg8 29. Rf4 Kh7 30. Be4 Kh6 31. g4 Nd6 32. Bd3 Kg5 33. Rf2 Nge8 34.
h3 Nc7 35. Ne5 Rf8 36. Nf3+ Kh6 37. Kh2 f6 38. b4 Nde8 39. b5 Rb8 40. Nd2 Rd8
41. Be4 f5 42. gxf5 exf5 43. Bc2 Ne6 44. Nf3 N8g7 45. Ne5 Kh7 46. Kg2 Kg8 47.
Ng6 Rf6 48. Ne7+ Kf8 49. Nc6 Rd6 50. Kh2 f4 51. Ne5 Rh6 52. Ra8+ Ke7 53. Ng6+
Kd7 54. Ra7+ Ke8 55. Ne5 Nh5 56. Nf7 {Black resigns} 1-0